Map: Acid Plant LE

Players

uThermal - Winner!

  • Race: Terran Terran
  • Spawn Location: 5:00

Neeb

  • Race: Protoss Protoss
  • Spawn Location: 11:00

Event: WESG 2017 Haikou

VOD

Have the link to the VOD?

Description

Time

  • Played on: March 15, 2018, 6:45 a.m.
  • Length: 12:38

All games in this series

Show
View Real Time Build Order
Export as new Build Order

uThermal Terran - Winner!

Build Orders: Gas First Reaper Expand, Reaper Expand, MMM Bio 

Get SALT Encoding   

  12  0:01  SCV  
  13  0:13  SCV  
  14  0:17  Supply Depot  
  14  0:25  SCV  
  14  0:27  Refinery  
  15  0:38  SCV  
  16  0:44  Barracks  
  16  0:50  SCV  
  17  1:03  SCV  
  18  1:15  SCV  
  19  1:31  Orbital Command, Reaper  
  20  1:43  Command Center  
  20  1:54  Factory  
  20  1:57  SCV  
  21  2:05  Barracks Reactor  
  21  2:09  SCV  
  21  2:12  Supply Depot  
  21  2:14  Refinery  
  22  2:21  SCV  
  23  2:33  SCV  
  24  2:41  Marine x2  
  24  2:42  Starport  
  26  2:45  SCV  
  26  2:49  Widow Mine  
  28  2:58  SCV, Marine  
  29  2:59  Marine  
  29  3:00  Orbital Command  
  31  3:10  SCV, Widow Mine  
  34  3:16  Marine x2  
  34  3:19  Viking  
  38  3:23  SCV  
  40  3:27  SCV  
  40  3:35  SCV, Marine  
  40  3:36  Marine  
  40  3:39  SCV, Barracks  
  42  3:51  SCV  
  42  3:53  Marine x2  
  42  3:58  Factory Tech Lab  
  42  3:59  Starport Tech Lab  
  42  4:00  SCV  
  42  4:02  Barracks  
  43  4:03  Supply Depot  
  43  4:05  SCV  
  44  4:12  SCV  
  44  4:13  Engineering Bay  
  44  4:14  Marine  
  46  4:24  Marine, Starport Reactor  
  46  4:25  SCV  
  46  4:27  SCV, Factory Reactor  
  47  4:32  Marine x2  
  47  4:33  Stimpack  
  47  4:37  SCV  
  50  4:39  Supply Depot  
  50  4:43  Marine, Terran Infantry Weapons Level 1  
  51  4:45  SCV  
  51  4:49  SCV  
  51  4:50  Marine  
  54  4:56  Supply Depot  
  54  5:01  SCV, Marine x2  
  54  5:03  Supply Depot  
  54  5:04  SCV  
  58  5:08  Marine  
  58  5:09  Medivac  
  61  5:17  SCV, Medivac  
  61  5:18  Widow Mine x2  
  65  5:21  SCV  
  63  5:29  SCV  
  63  5:33  SCV  
  63  5:34  Marine  
  63  5:35  Marauder  
  67  5:39  Marine x2, Widow Mine x2  
  67  5:41  SCV  
  67  5:42  Combat Shields  
  74  5:47  SCV  
  74  5:48  Refinery  
  75  5:50  Supply Depot  
  75  5:54  Marine  
  75  5:56  Marauder, Marine  
  76  6:03  Refinery  
  77  6:08  SCV  
  77  6:10  Supply Depot  
  78  6:12  Widow Mine x2  
  78  6:13  Medivac  
  78  6:15  SCV  
  78  6:16  Marine  
  86  6:19  Supply Depot  
  86  6:21  Supply Depot  
  86  6:30  Supply Depot  
  86  6:31  Marine x3  
  86  6:32  SCV  
  90  6:34  Concussive Shells, Widow Mine x2  
  94  6:40  SCV, Marine  
  94  6:44  SCV  
  96  6:49  Marine x2  
  96  6:50  Marauder  
  95  6:56  Widow Mine x2  
  95  6:57  Medivac x2  
  100  7:01  Marine  
  100  7:07  Marauder, Marine  
  94  7:17  Marine  
  94  7:19  Widow Mine  
  92  7:23  Marine  
  92  7:26  Widow Mine  
  92  7:29  Marauder  
  90  7:32  Marine  
  90  7:35  Marauder, Medivac  
  91  7:39  Command Center  
  91  7:40  Widow Mine  
  91  7:42  Marine  
  94  7:47  SCV x2, Widow Mine  
  94  7:50  Marauder, Marine, Medivac  
  103  7:56  Terran Infantry Armor Level 1  
  103  7:57  Marine  
  104  7:59  SCV  
  104  8:00  Marine  
  104  8:04  Supply Depot, Widow Mine  
  108  8:08  SCV  
  108  8:09  Marine, Widow Mine  
  108  8:12  Marauder  
  114  8:17  Marine  
  114  8:18  Marine  
  116  8:22  SCV  
  116  8:25  SCV, Supply Depot  
  116  8:26  Marine  
  118  8:33  Marauder  
  119  8:34  SCV  
  119  8:36  Marauder, Marine  
  119  8:39  Widow Mine  
  125  8:47  Widow Mine  
  125  8:49  SCV  
  125  8:53  Barracks  
  125  8:54  Marauder  
  125  8:55  Medivac, Barracks  
  128  8:56  Marine, Medivac  
  128  8:57  Marauder  
  128  9:00  Widow Mine  
  128  9:02  Orbital Command  
  137  9:04  SCV  
  137  9:05  SCV  
  137  9:09  Liberator  
  137  9:13  Marine, Widow Mine, Liberator  
  137  9:16  SCV  
  134  9:17  SCV, Marine  
  134  9:19  Armory  
  134  9:22  Marauder, Marine  
  145  9:43  Marine x2  
  145  9:44  Marauder  
  149  9:48  Marauder, Supply Depot  
  149  9:50  Supply Depot  
  149  9:52  Liberator  
  146  9:55  Marine x2  
  138  10:02  Marine  
  138  10:05  Marauder, Liberator  
  134  10:08  Marine  
  134  10:09  Marauder  
  122  10:17  Marine  
  104  10:26  Marine  
  104  10:27  Marauder, Marine  
  101  10:30  Marauder  
  101  10:33  Marine  
  101  10:35  Marine  
  101  10:39  SCV x2  
  101  10:41  SCV  
  100  10:48  Marauder  
  99  10:51  SCV x2  
  99  10:52  Marauder  
  99  10:53  SCV, Marine x2  
  99  10:54  Liberator  
  99  10:55  Liberator  
  99  10:56  Barracks Tech Lab  
  106  10:59  Widow Mine  
  106  11:00  Widow Mine  
  106  11:01  Marine  
  106  11:03  SCV x2  
  113  11:09  Marauder  
  115  11:11  Marine x2  
  115  11:12  Marine  
  124  11:23  Marine  
  124  11:24  Marauder  
  121  11:32  Marine  
  121  11:33  Marauder x2, Marine  
  121  11:35  Widow Mine x2  
  121  11:38  SCV  
  121  11:39  Refinery  
  124  11:40  Refinery  
  124  11:41  Marine  
  124  11:44  Marine  
  126  11:50  Marine  
  126  11:51  Marine  
  128  11:54  Marauder x2  
  128  11:57  Widow Mine  
  128  11:59  Marine  
  128  12:00  Medivac  
  137  12:08  Marine  
  139  12:09  Marine  
  139  12:14  Widow Mine  
  143  12:16  Marauder x2, Marine  
Show
View Real Time Build Order
Export as new Build Order

Neeb Protoss 

Build Orders: 1 Gate Expand, Oracle Opening, Phoenix Opening 

Get SALT Encoding   

  12  0:00  Probe  
  13  0:12  Probe  
  14  0:17  Pylon  
  14  0:24  Probe  
  15  0:32  Assimilator  
  15  0:37  Probe (Chrono Boost)  
  16  0:45  Gateway  
  16  0:47  Probe (Chrono Boost)  
  17  0:53  Probe  
  18  1:05  Probe  
  19  1:18  Probe  
  20  1:23  Nexus  
  20  1:32  Cybernetics Core  
  20  1:36  Probe  
  21  1:41  Assimilator  
  21  1:48  Probe  
  21  1:51  Pylon  
  22  2:00  Probe  
  23  2:07  Adept (Chrono Boost)  
  23  2:12  Stargate  
  23  2:13  Probe  
  26  2:23  Warp Gate  
  26  2:25  Probe  
  26  2:26  Adept (Chrono Boost)  
  30  2:37  Probe x2  
  31  2:47  Adept (Chrono Boost)  
  31  2:49  Probe  
  31  2:50  Probe  
  35  2:57  Oracle (Chrono Boost)  
  35  3:01  Probe  
  35  3:02  Probe  
  40  3:07  Pylon  
  40  3:13  Probe  
  40  3:14  Probe  
  42  3:24  Oracle (Chrono Boost)  
  42  3:25  Probe  
  42  3:26  Probe  
  44  3:31  Gateway  
  47  3:34  Gateway  
  47  3:39  Pylon  
  47  3:40  Probe  
  48  3:42  Probe  
  45  3:52  Probe  
  45  3:54  Probe  
  45  3:56  Phoenix (Chrono Boost)  
  47  4:04  Probe  
  47  4:06  Probe  
  49  4:14  Pylon, Phoenix  
  49  4:16  Probe  
  52  4:18  Probe  
  53  4:28  Nexus, Probe  
  53  4:30  Probe  
  55  4:34  Assimilator  
  55  4:36  Assimilator  
  55  4:38  Phoenix (Chrono Boost)  
  55  4:40  Probe  
  55  4:42  Probe  
  55  4:43  Adept  
  55  4:45  Adept  
  63  4:50  Adept  
  63  4:52  Probe  
  66  4:54  Pylon  
  66  4:57  Phoenix  
  69  5:04  Probe  
  70  5:07  Forge  
  70  5:08  Pylon  
  70  5:12  Twilight Council  
  70  5:13  Probe  
  70  5:16  Probe  
  71  5:25  Probe  
  71  5:28  Protoss Ground Armor Level 1 (Chrono Boost), Probe  
  68  5:32  Phoenix  
  68  5:34  Sentry  
  71  5:37  Probe  
  71  5:40  Gateway  
  71  5:41  Probe  
  71  5:42  Charge (Chrono Boost)  
  73  5:43  Gateway  
  73  5:48  Gateway  
  71  5:59  Gateway, Phoenix  
  71  6:05  Gateway  
  71  6:08  Pylon  
  71  6:10  Zealot, Sentry  
  75  6:14  Shield Battery  
  75  6:16  Zealot  
  75  6:17  Shield Battery  
  77  6:19  Probe  
  77  6:21  Probe  
  77  6:22  Probe  
  77  6:24  Phoenix  
  82  6:27  Shield Battery  
  82  6:31  Zealot  
  81  6:35  Zealot  
  83  6:40  Probe  
  83  6:41  Probe  
  83  6:42  Probe  
  83  6:45  Stalker x2  
  88  6:47  Stalker  
  88  6:49  Phoenix  
  88  6:54  Probe  
  88  6:56  Stalker x3  
  88  6:58  Probe x2  
  97  7:03  Pylon  
  97  7:06  Probe  
  96  7:08  Zealot x2  
  94  7:17  Zealot x2  
  94  7:21  Zealot  
  94  7:22  Zealot x2  
  94  7:26  Probe  
  94  7:27  Probe  
  91  7:31  Protoss Ground Weapons Level 1 (Chrono Boost)  
  91  7:33  Zealot x2  
  91  7:34  Probe  
  88  7:37  Robotics Facility  
  88  7:41  Assimilator x2  
  88  7:43  Stalker, Sentry  
  88  7:44  Stalker, Zealot  
  94  7:46  Sentry  
  94  7:47  Sentry  
  100  7:53  Pylon  
  100  7:54  Blink (Chrono Boost)  
  100  8:05  Zealot x3  
  106  8:09  Pylon  
  106  8:13  Zealot x4  
  114  8:24  Pylon  
  114  8:27  Observer (Chrono Boost)  
  114  8:30  Probe  
  114  8:31  Probe  
  116  8:36  Forge  
  116  8:38  Zealot x8  
  127  8:51  Warp Prism (Chrono Boost)  
  127  9:02  Stalker x2  
  127  9:03  Stalker x2  
  127  9:09  Nexus  
  129  9:15  Protoss Ground Weapons Level 2 (Chrono Boost)  
  129  9:16  Zealot x4  
  135  9:23  Pylon  
  133  9:29  Observer  
  134  9:33  Zealot x3  
  140  9:40  Protoss Ground Armor Level 2 (Chrono Boost)  
  140  9:42  Pylon x2  
  140  9:43  Pylon  
  140  9:49  Pylon  
  132  9:58  Pylon  
  112  10:01  Nexus  
  112  10:02  Pylon  
  112  10:03  Zealot x5  
  108  10:12  Zealot x2  
  81  10:27  Stalker, Zealot x4  
  78  10:36  Immortal (Chrono Boost)  
  76  10:52  Sentry x2  
  76  10:53  Sentry x5  
  90  11:08  Immortal  
  94  11:18  Stalker x3  
  94  11:19  Stalker x2  
  104  11:27  Stalker x2  
  102  11:42  Zealot x5  
  112  11:57  Stalker  
  114  12:05  Stalker x2  
  114  12:06  Stalker x4  
  98  12:25  Zealot  
Tags
 
Add a new tag
Caveats
  • Supply blocks, unpowered buildings, or Contaminate may cause inaccurate times.
  • Supply counts are checked every 10 seconds.